 Dungeon Crawl Stone Soup version 0.28-a0-577-gb193047a1f (webtiles) character file.

Game seed: 10657264748104005388

397 robertstho the Magician (level 7, -4/49 HPs)
             Began as a Djinni Fire Elementalist on Oct 1, 2021.
             Slain by a black bear (8 damage)
             ... on level 4 of the Dungeon.
             The game lasted 00:03:46 (3703 turns).

robertstho the Magician (Djinni Fire Elementalist)  Turns: 3703, Time: 00:03:46

Health: -4/49      AC:  3    Str:  7    XL:     7   Next: 10%
Gold:   58         EV: 12    Int: 19    God:
                   SH:  0    Dex: 13

rFire   + + .      SeeInvis .   d - +0 dagger
rCold   x . .      Faith    .   (no shield)
rNeg    . . .      Spirit   .   a - +0 robe
rPois   ∞          Reflect  .   (no helmet)
rElec   .          Harm     .   (no cloak)
rCorr   .          Rampage  .   i - +0 pair of gloves
Will    .....                   (boots unavailable)
Stlth   ++........              (no amulet)
HPRegen 0.16/turn               (no ring)
MPRegen 0.00/turn               (no ring)

@: flying
A: sickness immunity, fire resistance 2, cold vulnerability 1, float, innate
caster, hp casting, extra vitality 1
a: no special abilities


You were on level 4 of the Dungeon.
You visited 1 branch of the dungeon, and saw 4 of its levels.

You collected 58 gold pieces.

Inventory:

Hand Weapons
 d - a +0 dagger (weapon)
Armour
 a - a +0 robe (worn)
 i - a +0 pair of gloves (worn)
Wands
 m - a wand of flame (7)
 n - a wand of polymorph (7)
Scrolls
 b - a scroll of amnesia {unknown}
 c - a scroll of torment {unknown}
 e - 2 scrolls of identify {unknown}
 f - a scroll of vulnerability {unknown}
 j - a scroll of teleportation {unknown}
 k - a scroll of enchant armour {unknown}
Potions
 g - a potion of flight {unknown}
 h - a potion of brilliance {unknown}
 l - a potion of attraction {unknown}


   Skills:
 * Level 2.5 Fighting
 + Level 0.1 Short Blades
 + Level 2.3 Dodging
 + Level 2.3 Stealth
 * Level 5.0 Spellcasting


You couldn't memorise any spells.
You knew the following spells:

 Your Spells              Type           Power      Damage    Failure   Level
a - Foxfire               Conj/Fire      96%        2x1d8     1%          1
b - Scorch                Fire           48%        2d7       2%          2
c - Conjure Flame         Conj/Fire      24%        6-21      4%          3
d - Inner Flame           Hex/Fire       24%        N/A       4%          3
e - Flame Wave            Conj/Fire      24%        3d6       16%         4
f - Magic Dart            Conj           96%        1d7       1%          1
g - Call Imp              Summ           24%        N/A       2%          2
h - Mephitic Cloud        Conj/Pois/Air  24%        N/A       4%          3
Your spell library was empty.

Dungeon Overview and Level Annotations

Branches:
Dungeon (4/15)
 Temple: D:4-7

Altars:


Innate Abilities, Weirdness & Mutations

You are immune to sickness and miasma.
You are immune to poison.
Your flesh is very heat resistant. (rF++)
You are vulnerable to cold. (rC-)
You float through the air rather than walking.
You learn spells naturally, not from books.
Your magical power is your life essence.
You have superior vitality. (+4 HP)


Message History

The hound skeleton bites you.
Casting: Scorch (safe; 2% risk of failure)
Confirm with . or Enter, or press ? or * to list all spells.
Flames lash the hound skeleton.
You destroy the hound skeleton!
The black bear bites you but does no damage.
The black bear claws you. x2
Unknown command.
Casting: Scorch (safe; 2% risk of failure)
Confirm with . or Enter, or press ? or * to list all spells.
Flames lash the black bear.
The black bear is burned terribly!
The black bear is severely wounded.
The black bear goes berserk!
Unknown command.
Casting: Scorch (safe; 2% risk of failure)
Confirm with . or Enter, or press ? or * to list all spells.
Flames lash the hound skeleton.
The hound skeleton is moderately damaged.
The hound skeleton's fire resistance burns away.
The hound skeleton bites you. The black bear bites you.
The black bear claws you.
* * * LOW HITPOINT WARNING * * *
The black bear claws you.
* * * LOW HITPOINT WARNING * * *
The hound skeleton closely misses you.
Casting: Scorch (safe; 2% risk of failure)
Confirm with . or Enter, or press ? or * to list all spells.
Okay, then.
The black bear is no longer more vulnerable to fire.
The black bear bites you but does no damage.
The black bear barely misses you. The black bear claws you.
* * * LOW HITPOINT WARNING * * *
You see here an adder corpse.
The black bear bites you.
* * * LOW HITPOINT WARNING * * *
The black bear completely misses you. x2
Okay, then.
This is a scroll of acquirement!
Something appears before you! The black bear bites you!
You die...

.# #.)........# .#
#..)....##.# .#
#...)...##.#.#.# .#
#.......##.#.#.# .#
......(....##.#.#.# .#
...##......##.#.#.#
#.## ###+#####.#.#.# #
. #.#.#.#.##..
#######@#......... ###
# ..##>..h..)).)).. ..#
#.#####.##..####......$
..# ....##.##..#
###.#..
..###.##.##.....# ..
..............#.# .
.....####.....#...
.....# #.....###.#
.....# #.....# .#


You could see a black bear (berserk).

Vanquished Creatures
  Sigmund (D:2)
  An iguana (D:2)
  Ijyb (D:4)
  2 orc wizards (D:4)
  A hound skeleton (D:4)
  7 adders
  An ufetubus (D:4)
  A worm (D:2)
  A dart slug (D:2)
  11 orcs
  5 ball pythons
  3 endoplasms
  A giant cockroach (D:1)
  6 goblins
  5 hobgoblins
  3 kobolds
  3 quokkas
  2 bats (D:2)
  6 frilled lizards
  A rat (D:2)
62 creatures vanquished.

Vanquished Creatures (others)
  227 foxfires
227 creatures vanquished.

Grand Total: 289 creatures vanquished

Notes
Turn   | Place    | Note
-------+----------+-------------------------------------------
     0 | D:1      | robertstho the Djinni Fire Elementalist began the quest for
                  | the Orb.
     0 | D:1      | Reached XP level 1. HP: 15/15 MP: 0/0
   349 | D:1      | Found Wykh's Book Emporium.
   418 | D:1      | Reached XP level 2. HP: 18/21 MP: 0/0
   687 | D:1      | You are sucked into a shaft and drop 1 floor!
   687 | D:2      | Found a faded altar of an unknown god.
   692 | D:2      | Reached skill level 3 in Spellcasting
   692 | D:2      | Reached XP level 3. HP: 17/26 MP: 0/0
   692 | D:2      | Learned a level 1 spell: Magic Dart
  1189 | D:2      | Reached skill level 1 in Fighting
  1523 | D:2      | Reached XP level 4. HP: 23/32 MP: 0/0
  1634 | D:2      | Noticed Sigmund
  1643 | D:2      | Killed Sigmund
  1644 | D:2      | Reached skill level 4 in Spellcasting
  1644 | D:2      | Reached XP level 5. HP: 17/38 MP: 0/0
  1644 | D:2      | Learned a level 2 spell: Call Imp
  1644 | D:2      | Reached XP level 6. HP: 20/43 MP: 0/0
  3296 | D:4      | Noticed Ijyb
  3302 | D:4      | Killed Ijyb
  3679 | D:4      | Reached skill level 5 in Spellcasting
  3682 | D:4      | Reached XP level 7. HP: 45/49 MP: 0/0
  3682 | D:4      | Learned a level 3 spell: Mephitic Cloud
  3703 | D:4      | Identified a scroll of acquirement
  3703 | D:4      | Acquired 582 gold pieces
  3703 | D:4      | Slain by a black bear

Illustrated notes

Levels and vault maps discovered:
D:1:      minmay_arrival_cross, layout_rooms, serial_shops,
          nicolae_shop_statue_plus
D:2:      layout_rooms, shapermc_ecumenical_altar_gd, grunt_ministairs_13,
          uniq_sigmund
D:3:      layout_basic, glass_columns_c
D:4:      layout_basic, uniq_eustachio, uniq_ijyb

Skill      XL: |  1  2  3  4  5  6 |
---------------+-------------------+-----
Spellcasting   | 3 4 5 |  5.0
Fighting       | 1 2 |  2.5
Stealth        | 2 |  2.3
Short Blades   | |  0.1
Dodging        | |  2.3

Action                   |  1- 3 |  4- 6 |  7- 9 || total
-------------------------+-------+-------+-------++-------
Melee: Dagger            |       |     1 |       ||     1
 Cast: Foxfire           |    36 |   100 |     4 ||   140
       Scorch            |    19 |    12 |     5 ||    36
  Use: Scroll            |       |       |     1 ||     1
Armor: Robe              |       |     4 |     4 ||     8
Dodge: Dodged            |     4 |     4 |     7 ||    15

Table legend: (Time is in decaauts)
 A = Elapsed time spent in this place.
 B = Non-inter-level travel time spent in this place.
 C = Inter-level travel time spent in this place.
 D = Time resting spent in this place.
 E = Time spent auto-exploring this place.
 F = Levels seen in this place.
 G = Mean time per level.
                   A        B        C        D        E       F      G
               +--------+--------+--------+--------+--------+-----+--------+
         Total |   3701 |   3650 |     51 |    306 |   2968 |   4 |  925.2 |
       Dungeon |   3701 |   3650 |     51 |    306 |   2968 |   4 |  925.2 |
               +--------+--------+--------+--------+--------+-----+--------+

Top non-repeatable levels by time:
     D:2: 1574 daAuts
     D:3: 911 daAuts
     D:1: 687 daAuts
     D:4: 528 daAuts
